 Dungeon Crawl Stone Soup version 0.30-b1-2-g02819fbbbe (webtiles) character file.

Game seed: 10593208297116179819

13 Aztecrex the Poker (level 2, 0/27 HPs)
             Began as a Minotaur Berserker on Dec 27, 2023.
             Was a Follower of Trog.
             Succumbed to an adder's poison
             ... on level 2 of the Dungeon.
             The game lasted 00:02:00 (207 turns).

Aztecrex the Poker (Minotaur Berserker)              Turns: 207, Time: 00:02:01

Health: 0/27       AC:  2    Str: 21    XL:     2   Next: 24%
Magic:  1/1        EV: 12    Int:  4    God:    Trog [*.....]
Gold:   0          SH:  0    Dex:  9    Spells: 1/1 levels left

rFire   . . .        a - +0 spear
rCold   . . .        (no shield)
rNeg    . . .        b - +0 animal skin
rPois   .            (helmet restricted)
rElec   .            (no cloak)
rCorr   .            (no gloves)
SInv    .            (no boots)
Will    .....        (no amulet)
Stlth   +            (no ring)
HPRegen 0.24/turn    (no ring)
MPRegen 0.07/turn

%: no passive effects
@: lethally poisoned (0 -> -1)
A: horns 2, retaliatory headbutt
a: Renounce Religion, Berserk


You were on level 2 of the Dungeon.
You worshipped Trog.
Trog was aware of your devotion.
You visited 1 branch of the dungeon, and saw 2 of its levels.

Inventory:

Hand Weapons
 a - a +0 spear (weapon)
 c - a +0 club
Armour
 b - a +0 animal skin (worn)


   Skills:
 + Level 4.0 Fighting
 + Level 4.0 Polearms
 + Level 2.5 Armour
 + Level 2.3 Dodging


You had one spell level left.
You didn't know any spells.
Your spell library contained the following spells:

 Spells                   Type           Power      Damage    Failure   Level
 Freeze                   Ice            0%         1d3       50%         1
 Frozen Ramparts          Ice            0%         1d1       86%         3
 Hailstorm                Conj/Ice       0%         3d3       86%         3


Dungeon Overview and Level Annotations

Branches:
Dungeon (1/15)

Altars:


Innate Abilities, Weirdness & Mutations

You have a pair of horns on your head.
You reflexively headbutt those who attack you in melee.


Message History

The adder poisons you! The adder bites you.
You are more poisoned.
The adder poisons you!
You hit the adder.
The adder is severely wounded.
You feel very sick. The adder closely misses you.
You barely miss the adder.
The adder is severely wounded.
You feel sick. The adder closely misses you.
You barely miss the adder.
The adder is severely wounded.
You feel sick. The adder bites you.
You hit the adder but do no damage. Your headbutt misses the adder.
The adder is severely wounded.
* * * LOW HITPOINT WARNING * * *
You feel sick. The adder bites you but does no damage.
You closely miss the adder.
The adder is severely wounded.
* * * LOW HITPOINT WARNING * * *
You feel sick. The adder misses you. You furiously retaliate!
You headbutt the adder. You miss the adder. Your headbutt misses the adder.
The adder is almost dead.
* * * LOW HITPOINT WARNING * * *
You feel sick. The adder barely misses you.
You barely miss the adder.
The adder is almost dead.
* * * LOW HITPOINT WARNING * * *
You feel sick. The adder bites you.
* * * LOW HITPOINT WARNING * * *
You hit the adder.
You kill the adder!
Trog accepts your kill.
* * * LOW HITPOINT WARNING * * *
You feel sick.
Your Fighting skill increases to level 4!
Your Polearms skill increases to level 4!
You have reached level 2!
You die...

#. .. #. .## #. ..#
#.####### ^.##
#.......# ..#
###...#.######.######
#.'.................#
#.#....#######.####.#
#.#....# #.@†....#
#.#....# #...##..#
#.#....# #.#.# #
#.#....######. .....#
## #.#.........#.
##...#..
#.#...#####.#. ...#.
#.........#.#. ....
#########.#.#. #.>#
#<..# #.#


There were no monsters in sight!

Vanquished Creatures
  An adder (D:2)
  An endoplasm (D:1)
  A kobold (D:1)
  A ball python (D:2)
4 creatures vanquished.

Notes
Turn   | Place    | Note
-------+----------+-------------------------------------------
     0 | D:1      | Aztecrex the Minotaur Berserker began the quest for the
                  | Orb.
     0 | D:1      | Reached XP level 1. HP: 19/19 MP: 0/0
    81 | D:1      | You fall into a shaft and drop 1 floor!
   206 | D:2      | HP: 1/20 [poisoned by an adder]
   207 | D:2      | Reached XP level 2. HP: 1/27 MP: 1/1
   207 | D:2      | Succumbed to an adder's poison

Illustrated notes

Levels and vault maps discovered:
D:1:      tarquinn_simple_flora_water_e, layout_loops_ring, serial_glass,
          glass_columns_c, glass_columns_a, glass_columns_a, glass_columns_a,
          due_unseen_surprise, feat_on_display
D:2:      layout_basic, basic_altar, hex_medium, minmay_unequal

Skill      XL: |  1 |
---------------+----+-----
Fighting       | 4 |  4.0
Polearms       | 4 |  4.0
Armour         | |  2.5
Dodging        | |  2.3

Action                     || total
---------------------------++-------
  Melee: Spear             ||    15
         Headbutt          ||     3
 Armour: Animal skin       ||     2
  Dodge: Dodged            ||     5
